 Dungeon Crawl Stone Soup version 0.30.0-29-ga12c61a403 (webtiles) character file.

Game seed: 7184856954615078254

10530 qw the Cleaver (level 11, -13/68 HPs)
             Began as a Gargoyle Fighter on June 3, 2023.
             Was an Elder of Okawaru.
             Mangled by a fire crab (15 damage)
             ... on level 9 of the Dungeon.
             The game lasted 00:05:56 (8840 turns).

qw the Cleaver (Gargoyle Fighter)                   Turns: 8840, Time: 00:05:57

Health: -13/68     AC: 29    Str: 23    XL:     11   Next: 63%
Magic:  14/16      EV: 13    Int: 10    God:    Okawaru [****..]
Gold:   618        SH: 12    Dex:  9    Spells: 10/10 levels left

rFire   . . .        Y - +2 broad axe
rCold   . . .        a - +0 kite shield
rNeg    + . .        j - +1 plate armour
rPois   inf          k - +2 helmet
rElec   +            n - +0 cloak
rCorr   .            (no gloves)
SInv    +            (no boots)
Will    .....        c - amulet of the acrobat Stlth
                     p - +5 ring of evasion
HPRegen 0.31/turn    s - ring of see invisible
MPRegen 0.15/turn

%: acrobat
@: about to teleport, heroic
A: sickness immunity, AC +8, negative energy resistance 1, electricity
resistance, torment resistance 1, petrification resistance
a: Renounce Religion, Heroism, Finesse


You were on level 9 of the Dungeon.
You worshipped Okawaru.
Okawaru was greatly pleased with you.
You visited 2 branches of the dungeon, and saw 10 of its levels.

You collected 618 gold pieces.


Innate Abilities, Weirdness & Mutations

You are immune to sickness and miasma.
Your stone body is resilient. (AC +8)
You are immune to poison.
You resist negative energy. (rN+)
You are resistant to electric shocks. (rElec)
You are resistant to unholy torment.
You are immune to petrification.


   Skills:
 - Level 8.1(13.1) Fighting
 - Level 11.0(16.0) Axes
 - Level 1.3(6.3) Throwing
 - Level 7.5(12.5) Armour
 - Level 1.0(6.0) Dodging
 + Level 9.2(14.2) Shields
 + Level 6.9 Invocations


You had 10 spell levels left.
You didn't know any spells.
Your spell library was empty.

Inventory:

Hand Weapons
 r - a +0 morningstar
 Y - a +2 broad axe (weapon)
Missiles
 b - 3 boomerangs (quivered)
Armour
 a - a +0 kite shield (worn)
 j - a +1 plate armour (worn)
 k - a +2 helmet (worn)
 n - a +0 cloak (worn)
Jewellery
 c - an amulet of the acrobat (around neck)
 f - the ring "Vocwases" {+Blink rPois rF- Will+ Str+6}
   (You found it on level 4 of the Dungeon)

   [ring of strength]

   Str:       It affects your strength (+6).
   rF:        It makes you vulnerable to fire.
   rPois:     It protects you from poison.
   +Blink:    It lets you blink.
   Will:      It increases your willpower.
 h - a ring of fire
 p - a +5 ring of evasion (left hand)
 s - a ring of see invisible (right hand)
Scrolls
 l - a scroll of identify
 m - a scroll of teleportation
 t - a scroll of brand weapon {unknown}
Potions
 d - a potion of might
 g - a potion of lignification
 i - a potion of mutation
 o - a potion of attraction
 q - a potion of haste
 u - a potion of curing

Dungeon Overview and Level Annotations

Branches:
Dungeon (9/15)             Temple (1/1) D:5             Orc (0/2) D:9
   Lair: D:8-11

Altars:
Ashenzari
Cheibriados
Dithmenos
Elyvilon
Fedhas
Gozag
Hepliaklqana
Kikubaaqudgha
Makhleb
Nemelex Xobeh
Okawaru
Qazlal
Ru
Sif Muna
Trog
Uskayaw
Vehumet
Wu Jian
Xom
Yredelemnul
Zin
The Shining One

Shops:
D:4 (   D:7 (

Annotations:
D:5 4 runed translucent doors
D:8 4 transporters


Message History

Enter note:
Enter note:
Enter note:
Enter note: The efreet barely misses you.
You hit the efreet but do no damage.
The efreet is lightly wounded.
The efreet closely misses you.
You hit the efreet but do no damage.
The efreet is lightly wounded.
The efreet gestures at you. The bolt of fire hits you!!
8835 ||| INVOKING Heroism.
You gain the combat prowess of a mighty hero.
The efreet misses you.
You slice the efreet!!
The efreet is severely wounded.
The efreet hits you but does no damage.
You hit the efreet.
The efreet is severely wounded.
The efreet gestures at you.
The fireball explodes!
The fireball engulfs you!!
The fireball engulfs the efreet.
The efreet completely resists.
8838 ||| READING 2 scrolls of teleportation.
As you read the scroll of teleportation, it crumbles to dust.
You feel strangely unstable. You block the efreet's attack.
You hit the efreet.
The efreet is severely wounded.
You hit the fire crab but do no damage. You block the efreet's attack.
The fire crab breathes flames at you. The blast of flame misses you.
You slash the efreet!
You kill the efreet!
Okawaru is honoured by your kill.
You hit the fire crab but do no damage.
You are engulfed in blazing flames.
The fire crab bites you.
You are engulfed in flames!
You die...

..########.##.# #.....#..###...#.
..#........##.# ##....#..###...#.
..#.#########.# #.........#...#.
....# #.# #....#..#.#####. ~~..#
#######+####....#..#..####. #~..#
#............##.#..#.......
#~..###............##.#..#..#....
#~....'.(......000.##.#..#..#....
#~..###........0@0.##.#..#..#....
#~.## #........0t0.##............
~~.## #............##......#.>...
....# #............##............
....# #............######.....#..
....###............')# #.....#..
.....##............#.# ########.
......'............#.# ##
.....##.....)......#.#######


You could see a fire crab.

Vanquished Creatures
  2 two-headed ogres
  A deep elf pyromancer (D:9)
  An ugly thing (D:9)
  A manticore (D:9)
  A cyclops (D:9)
  Maurice (D:9)
  4 elephants (D:8)
  An efreet (D:9)
  A tengu conjurer (D:9)
  2 trolls
  A hornet (D:7)
  4 yaks (D:9)
  2 wyverns
  Grum (D:7)
  A water moccasin (D:6)
  A black bear (D:6)
  An orc warrior (D:9)
  2 ice beasts (D:7)
  2 sky beasts
  A wolf (D:7)
  3 centaurs
  A phantom (D:5)
  4 kobold brigands
  A bullfrog (D:9)
  5 gnoll sergeants
  3 scorpions
  4 wights
  10 killer bees
  4 electric eels
  2 howler monkeys (D:8)
  4 jellies
  8 orc priests
  2 gnoll boudas
  16 hounds
  A sleepcap (D:5)
  4 iguanas
  5 orc wizards
  27 gnolls
  10 adders
  2 shadow imps
  2 white imps
  2 worms
  2 dart slugs
  17 orcs
  5 bats
  3 endoplasms
  A giant cockroach (D:1)
  9 goblins
  4 hobgoblins
  9 jackals
  9 quokkas
  7 ball pythons
  2 frilled lizards
  22 kobolds
  2 rats
243 creatures vanquished.

Vanquished Creatures (others)
  A gnoll (D:7)
1 creature vanquished.

Grand Total: 244 creatures vanquished

Notes
Turn   | Place    | Note
-------+----------+-------------------------------------------
     0 | D:1      | qw the Gargoyle Fighter began the quest for the Orb.
     0 | D:1      | Reached XP level 1. HP: 14/14 MP: 1/1
     0 | D:1      | 0 ||| qw: Version: 0.2-a-103-g5a998e5
     0 | D:1      | 0 ||| qw: Game counter: 974
     0 | D:1      | 0 ||| qw: Always use a shield: true
     0 | D:1      | 0 ||| qw: God list: Okawaru
     0 | D:1      | 0 ||| qw: Allow faded altars: false
     0 | D:1      | 0 ||| qw: Do Orc after D:15 true
     0 | D:1      | 0 ||| qw: Do second Lair branch before Depths: true
     0 | D:1      | 0 ||| qw: Lair rune preference: random
     0 | D:1      | 0 ||| qw: Plans: Normal, Zot:1-4, Slime:5, God:TSO, Crypt,
                  | Tomb, Pan, Hells, Abyss, Win
     0 | D:1      | 0 ||| PLANNING D:1-11
    53 | D:1      | Reached skill level 2 in Axes
   130 | D:1      | Reached XP level 2. HP: 16/19 MP: 2/2
   601 | D:1      | 601 ||| UPGRADING to +0 chain mail.
   611 | D:1      | 611 ||| DROPPING +0 scale mail.
   612 | D:1      | 612 ||| UPGRADING to +0 plate armour.
   622 | D:1      | 622 ||| DROPPING +0 chain mail.
   623 | D:1      | 623 ||| READING scroll labelled ESAFOCSUOQ.
   624 | D:1      | 624 ||| READING scroll labelled PYTUPE GIMAL.
   625 | D:1      | 625 ||| READING 3 scrolls labelled RAUDO VEUTOABA.
   626 | D:1      | 626 ||| READING 2 scrolls labelled UDOIWE QOEFFEP.
   631 | D:1      | 631 ||| READING scroll labelled NIMPIJ SYEPS.
   632 | D:1      | 632 ||| READING 2 scrolls of identify.
   632 | D:1      | 632 ||| IDENTIFYING golden potion
   633 | D:1      | 633 ||| DROPPING potion of flight.
   700 | D:2      | Reached skill level 3 in Axes
   719 | D:2      | Reached XP level 3. HP: 23/23 MP: 3/3
   748 | D:2      | Found a faded altar of an unknown god.
   977 | D:2      | Found a glowing silver altar of Zin.
  1320 | D:2      | 1320 ||| READING scroll labelled MURIKYMACE.
  1321 | D:2      | 1321 ||| READING scroll labelled WOMISYDITO.
  1322 | D:2      | 1322 ||| DRINKING 2 clear potions.
  1323 | D:2      | 1323 ||| READING 2 scrolls of identify.
  1323 | D:2      | 1323 ||| IDENTIFYING metallic amethyst potion
  1390 | D:3      | Reached XP level 4. HP: 26/28 MP: 4/4
  1481 | D:3      | 1481 ||| SWAPPING to +0 broad axe.
  1489 | D:3      | Reached skill level 4 in Axes
  1489 | D:3      | 1489 ||| DROPPING +0 war axe.
  1709 | D:3      | 1709 ||| READING scroll of enchant armour.
  1709 | D:3      | 1709 ||| ENCHANTING +0 plate armour.
  1926 | D:3      | 1926 ||| UPGRADING to +5 ring of evasion.
  1927 | D:3      | 1927 ||| DRINKING 3 purple potions.
  1928 | D:3      | 1928 ||| READING 3 scrolls of identify.
  1928 | D:3      | 1928 ||| IDENTIFYING emerald potion
  1929 | D:3      | 1929 ||| READING 2 scrolls of identify.
  1929 | D:3      | 1929 ||| IDENTIFYING bubbling sapphire potion
  1930 | D:3      | 1930 ||| DROPPING 2 potions of degeneration.
  1931 | D:3      | 1931 ||| DROPPING potion of ambrosia.
  1981 | D:4      | 1981 ||| Stepping ~*~*~tactically~*~*~ (stealth).
  2101 | D:4      | 2101 ||| Stepping ~*~*~tactically~*~*~ (hiding).
  2108 | D:4      | Noticed a scorpion
  2109 | D:4      | 2109 ||| Stepping ~*~*~tactically~*~*~ (stealth).
  2110 | D:4      | 2110 ||| Stepping ~*~*~tactically~*~*~ (stealth).
  2114 | D:4      | 2114 ||| Stepping ~*~*~tactically~*~*~ (stealth).
  2115 | D:4      | 2115 ||| Stepping ~*~*~tactically~*~*~ (stealth).
  2124 | D:4      | Killed a scorpion
  2125 | D:4      | Reached XP level 5. HP: 23/32 MP: 5/5
  2307 | D:4      | Reached skill level 5 in Axes
  2317 | D:4      | Identified the ring "Vocwases" {+Blink rPois rF- Will+
                  | Str+6}
  2328 | D:4      | Found Cuelosaf's Weapon Emporium.
  2459 | D:4      | Reached XP level 6. HP: 29/38 MP: 6/6
  2632 | D:4      | 2632 ||| UPGRADING to +0 helmet.
  2637 | D:4      | 2637 ||| UPGRADING to ring "Vocwases" {+Blink rPois rF-
                  | Will+ Str+6}.
  2638 | D:4      | 2638 ||| UPGRADING to ring of see invisible.
  2640 | D:4      | 2640 ||| READING scroll labelled BIWNASTRE LIMPO.
  2641 | D:4      | 2641 ||| READING 4 scrolls of identify.
  2641 | D:4      | 2641 ||| IDENTIFYING brown potion
  2642 | D:4      | 2642 ||| READING 3 scrolls of identify.
  2642 | D:4      | 2642 ||| IDENTIFYING grey potion
  2643 | D:4      | 2643 ||| DROPPING potion of berserk rage.
  2679 | D:5      | Entered Level 5 of the Dungeon
  2813 | D:5      | Found a shimmering altar of Xom.
  2922 | D:5      | 2922 ||| Stepping ~*~*~tactically~*~*~ (hiding).
  2924 | D:5      | 2924 ||| Stepping ~*~*~tactically~*~*~ (hiding).
  2930 | D:5      | 2930 ||| DRINKING potion of curing.
  2930 | D:5      | 2930 ||| (to cure confusion)
  2947 | D:5      | Reached skill level 6 in Axes
  2966 | D:5      | Found a staircase to the Ecumenical Temple.
  2967 | D:5      | 2967 ||| PLANNING TEMPLE
  2967 | D:5      | 2967 ||| READING scroll labelled YHIUPH SOSSE.
  2996 | D:5      | 2996 ||| READING scroll labelled ZAR USOYPOWN.
  2997 | D:5      | 2997 ||| READING 2 scrolls of identify.
  2997 | D:5      | 2997 ||| IDENTIFYING dark potion
  2998 | D:5      | 2998 ||| DROPPING potion of brilliance.
  3008 | Temple   | Entered the Ecumenical Temple
  3070 | Temple   | 3070 ||| PLANNING OKAWARU WORSHIP
  3519 | Temple   | Became a worshipper of Warmaster Okawaru
  3519 | Temple   | 3519 ||| PLANNING D:1-11
  3580 | D:5      | 3580 ||| READING scroll of enchant armour.
  3580 | D:5      | 3580 ||| ENCHANTING +0 helmet.
  3721 | D:5      | Found a large runed translucent door.
  3722 | D:5      | Found a large runed translucent door.
  3726 | D:5      | Found a large runed translucent door.
  3726 | D:5      | Found a large runed translucent door.
  3727 | D:5      | Found the +7 great mace "Firestarter" {flame, immolate,
                  | rFlCloud rF++}
  3759 | D:5      | Reached XP level 7. HP: 40/43 MP: 7/7
  3829 | D:5      | 3829 ||| Stepping ~*~*~tactically~*~*~ (stealth).
  4135 | D:5      | Reached * piety under Okawaru
  4136 | D:5      | Reached skill level 7 in Axes
  4136 | D:5      | 4136 ||| Stepping ~*~*~tactically~*~*~ (stealth).
  4147 | D:5      | 4147 ||| INVOKING Heroism.
  4190 | D:5      | 4190 ||| INVOKING Heroism.
  4191 | D:5      | 4191 ||| INVOKING Heroism.
  4247 | D:5      | Identified the +7 sling "Beetleslayer" {flame, Will+}
  4248 | D:5      | 4248 ||| DROPPING +0 mace.
  4265 | D:5      | 4265 ||| UPGRADING to +0 kite shield.
  4275 | D:5      | 4275 ||| DROPPING +0 buckler.
  4276 | D:5      | 4276 ||| UPGRADING to +0 cloak.
  4346 | D:6      | Reached XP level 8. HP: 47/49 MP: 8/8
  4412 | D:6      | Reached skill level 1 in Invocations
  4478 | D:6      | 4478 ||| Stepping ~*~*~tactically~*~*~ (hiding).
  4480 | D:6      | 4480 ||| Stepping ~*~*~tactically~*~*~ (hiding).
  4680 | D:6      | 4680 ||| Stepping ~*~*~tactically~*~*~ (hiding).
  4681 | D:6      | 4681 ||| Stepping ~*~*~tactically~*~*~ (hiding).
  4687 | D:6      | 4687 ||| Stepping ~*~*~tactically~*~*~ (hiding).
  4705 | D:6      | Reached skill level 3 in Invocations
  4829 | D:6      | 4829 ||| INVOKING Heroism.
  4940 | D:6      | 4940 ||| READING scroll labelled JADIDA GUEDUQU.
  4941 | D:6      | 4941 ||| READING scroll labelled WALUPH SUREISH.
  4942 | D:6      | 4942 ||| DRINKING 2 amethyst potions.
  5003 | D:7      | 5003 ||| STAIRDANCE
  5005 | D:6      | 5005 ||| INVOKING Heroism.
  5010 | D:6      | HP: 12/49 [wight/+3 scimitar (7)]
  5011 | D:6      | 5011 ||| READING 3 scrolls of teleportation.
  5012 | D:6      | 5012 ||| DRINKING potion of heal wounds.
  5112 | D:7      | 5112 ||| Stepping ~*~*~tactically~*~*~ (stealth).
  5119 | D:7      | Reached skill level 6 in Shields
  5201 | D:7      | 5201 ||| READING scroll of enchant weapon.
  5201 | D:7      | 5201 ||| ENCHANTING +1 broad axe.
  5284 | D:7      | Reached XP level 9. HP: 54/54 MP: 12/12
  5288 | D:7      | Reached skill level 1 in Dodging
  5295 | D:7      | Found a burning altar of Makhleb.
  5314 | D:7      | 5314 ||| INVOKING Heroism.
  5344 | D:7      | Reached skill level 1 in Throwing
  5346 | D:7      | 5346 ||| Stepping ~*~*~tactically~*~*~ (stealth).
  5361 | D:7      | 5361 ||| Stepping ~*~*~tactically~*~*~ (hiding).
  5450 | D:7      | 5450 ||| INVOKING Heroism.
  5452 | D:7      | 5452 ||| Stepping ~*~*~tactically~*~*~ (stealth).
  5459 | D:7      | 5459 ||| Stepping ~*~*~tactically~*~*~ (stealth).
  5477 | D:7      | 5477 ||| INVOKING Heroism.
  5488 | D:7      | Noticed a hornet
  5495 | D:7      | 5495 ||| INVOKING Heroism.
  5499 | D:7      | Killed a hornet
  5500 | D:7      | Reached skill level 8 in Axes
  5521 | D:7      | 5521 ||| FLEEEEING.
  5522 | D:7      | 5522 ||| FLEEEEING.
  5523 | D:7      | 5523 ||| FLEEEEING.
  5524 | D:7      | 5524 ||| FLEEEEING.
  5525 | D:7      | 5525 ||| STAIRDANCE
  5607 | D:6      | 5607 ||| UPGRADING to amulet of the acrobat.
  5614 | D:7      | 5614 ||| INVOKING Heroism.
  5700 | D:7      | Reached ** piety under Okawaru
  5780 | D:7      | Reached skill level 6 in Fighting
  5866 | D:7      | 5866 ||| INVOKING Heroism.
  5871 | D:7      | 5871 ||| FLEEEEING.
  5872 | D:7      | 5872 ||| FLEEEEING.
  5912 | D:7      | 5912 ||| FLEEEEING.
  6077 | D:7      | Noticed Grum
  6078 | D:7      | 6078 ||| INVOKING Heroism.
  6084 | D:7      | Killed Grum
  6259 | D:7      | 6259 ||| Stepping ~*~*~tactically~*~*~ (hiding).
  6262 | D:7      | 6262 ||| Stepping ~*~*~tactically~*~*~ (hiding).
  6263 | D:7      | 6263 ||| Stepping ~*~*~tactically~*~*~ (hiding).
  6266 | D:7      | 6266 ||| READING scroll labelled CEUTWU AHIRHE.
  6270 | D:7      | 6270 ||| FLEEEEING.
  6271 | D:7      | 6271 ||| FLEEEEING.
  6272 | D:7      | 6272 ||| FLEEEEING.
  6455 | D:7      | Found Kitte's Antique Weapon Shop.
  6457 | D:7      | 6457 ||| READING 2 scrolls of identify.
  6457 | D:7      | 6457 ||| IDENTIFYING glowing yellow potion
  6458 | D:7      | 6458 ||| DROPPING potion of invisibility.
  6494 | D:8      | Reached XP level 10. HP: 60/60 MP: 13/13
  6497 | D:8      | Noticed a two-headed ogre
  6498 | D:8      | 6498 ||| Stepping ~*~*~tactically~*~*~ (hiding).
  6505 | D:8      | 6505 ||| INVOKING Heroism.
  6512 | D:8      | Killed a two-headed ogre
  6513 | D:8      | Reached skill level 9 in Axes
  6535 | D:8      | 6535 ||| INVOKING Heroism.
  6583 | D:8      | 6583 ||| FLEEEEING.
  6649 | D:8      | Noticed an elephant
  6659 | D:8      | Noticed an elephant
  6661 | D:8      | 6661 ||| INVOKING Heroism.
  6662 | D:8      | Killed an elephant
  6663 | D:8      | Reached skill level 6 in Armour
  6663 | D:8      | 6663 ||| Stepping ~*~*~tactically~*~*~ (hiding).
  6671 | D:8      | Killed an elephant
  6756 | D:8      | 6756 ||| Stepping ~*~*~tactically~*~*~ (stealth).
  6760 | D:8      | 6760 ||| INVOKING Heroism.
  6862 | D:8      | 6862 ||| Stepping ~*~*~tactically~*~*~ (hiding).
  6864 | D:8      | 6864 ||| Stepping ~*~*~tactically~*~*~ (hiding).
  7065 | D:8      | Noticed an elephant
  7073 | D:8      | Killed an elephant
  7073 | D:8      | Reached *** piety under Okawaru
  7074 | D:8      | Reached skill level 9 in Shields
  7097 | D:8      | 7097 ||| Stepping ~*~*~tactically~*~*~ (stealth).
  7108 | D:8      | 7108 ||| DROPPING +0 flail.
  7133 | D:8      | 7133 ||| Stepping ~*~*~tactically~*~*~ (hiding).
  7134 | D:8      | 7134 ||| Stepping ~*~*~tactically~*~*~ (hiding).
  7135 | D:8      | 7135 ||| Stepping ~*~*~tactically~*~*~ (hiding).
  7150 | D:8      | 7150 ||| INVOKING Heroism.
  7261 | D:8      | 7261 ||| DROPPING +2 flail of holy wrath.
  7262 | D:8      | 7262 ||| READING scroll of enchant armour.
  7262 | D:8      | 7262 ||| ENCHANTING +1 helmet.
  7274 | D:8      | 7274 ||| Stepping ~*~*~tactically~*~*~ (stealth).
  7276 | D:8      | 7276 ||| Stepping ~*~*~tactically~*~*~ (hiding).
  7282 | D:8      | 7282 ||| DRINKING potion of curing.
  7282 | D:8      | 7282 ||| (to cure confusion)
  7308 | D:8      | 7308 ||| FLEEEEING.
  7323 | D:8      | Reached skill level 10 in Axes
  7331 | D:8      | 7331 ||| Stepping ~*~*~tactically~*~*~ (stealth).
  7332 | D:8      | 7332 ||| Stepping ~*~*~tactically~*~*~ (stealth).
  7377 | D:8      | Noticed an elephant
  7378 | D:8      | 7378 ||| Stepping ~*~*~tactically~*~*~ (stealth).
  7380 | D:8      | 7380 ||| Stepping ~*~*~tactically~*~*~ (stealth).
  7392 | D:8      | 7392 ||| INVOKING Heroism.
  7397 | D:8      | Killed an elephant
  7533 | D:8      | 7533 ||| Stepping ~*~*~tactically~*~*~ (stealth).
  7541 | D:8      | Found a transporter.
  7550 | D:8      | Found a transporter.
  7554 | D:8      | Found a transporter.
  7627 | D:8      | Found a transporter.
  7735 | D:8      | 7735 ||| READING scroll labelled EVARIGGOXTO.
  7774 | D:9      | 7774 ||| INVOKING Heroism.
  7776 | D:9      | 7776 ||| Stepping ~*~*~tactically~*~*~ (hiding).
  7777 | D:9      | 7777 ||| Stepping ~*~*~tactically~*~*~ (hiding).
  7786 | D:9      | Reached XP level 11. HP: 57/68 MP: 12/14
  7786 | D:9      | 7786 ||| Stepping ~*~*~tactically~*~*~ (hiding).
  7822 | D:9      | 7822 ||| DROPPING +1 flail of protection.
  7838 | D:9      | Noticed Maurice
  7839 | D:9      | 7839 ||| Stepping ~*~*~tactically~*~*~ (hiding).
  7848 | D:9      | 7848 ||| Stepping ~*~*~tactically~*~*~ (hiding).
  7849 | D:9      | 7849 ||| Stepping ~*~*~tactically~*~*~ (hiding).
  7854 | D:9      | 7854 ||| FLEEEEING.
  7866 | D:9      | 7866 ||| Stepping ~*~*~tactically~*~*~ (hiding).
  7871 | D:9      | Killed Maurice
  7871 | D:9      | Reached **** piety under Okawaru
  7929 | D:9      | Found a flagged portal.
  8024 | D:9      | Found a hazy altar of Hepliaklqana.
  8032 | D:9      | 8032 ||| Stepping ~*~*~tactically~*~*~ (stealth).
  8034 | D:9      | 8034 ||| Stepping ~*~*~tactically~*~*~ (stealth).
  8035 | D:9      | 8035 ||| Stepping ~*~*~tactically~*~*~ (stealth).
  8050 | D:9      | 8050 ||| Stepping ~*~*~tactically~*~*~ (stealth).
  8051 | D:9      | 8051 ||| Stepping ~*~*~tactically~*~*~ (stealth).
  8149 | D:9      | 8149 ||| Stepping ~*~*~tactically~*~*~ (hiding).
  8151 | D:9      | 8151 ||| Stepping ~*~*~tactically~*~*~ (hiding).
  8153 | D:9      | 8153 ||| Stepping ~*~*~tactically~*~*~ (hiding).
  8154 | D:9      | 8154 ||| Stepping ~*~*~tactically~*~*~ (hiding).
  8230 | D:9      | Found a staircase to the Orcish Mines.
  8303 | D:9      | 8303 ||| Stepping ~*~*~tactically~*~*~ (hiding).
  8367 | D:9      | 8367 ||| INVOKING Heroism.
  8388 | D:9      | Noticed a two-headed ogre
  8394 | D:9      | Killed a two-headed ogre
  8482 | D:9      | Noticed a deep elf pyromancer
  8482 | D:9      | Noticed a purple ugly thing
  8482 | D:9      | Noticed a manticore
  8482 | D:9      | Noticed a cyclops
  8483 | D:9      | 8483 ||| Stepping ~*~*~tactically~*~*~ (hiding).
  8488 | D:9      | 8488 ||| INVOKING Heroism.
  8503 | D:9      | Killed a manticore
  8508 | D:9      | Killed a deep elf pyromancer
  8509 | D:9      | Reached skill level 6 in Invocations
  8512 | D:9      | 8512 ||| INVOKING Heroism.
  8514 | D:9      | Killed a purple ugly thing
  8526 | D:9      | Killed a cyclops
  8627 | D:9      | 8627 ||| Stepping ~*~*~tactically~*~*~ (stealth).
  8629 | D:9      | Noticed a fire crab
  8634 | D:9      | 8634 ||| INVOKING Heroism.
  8638 | D:9      | HP: 5/68 [efreet/bolt of fire (19)]
  8639 | D:9      | 8639 ||| READING 3 scrolls of teleportation.
  8640 | D:9      | 8640 ||| DRINKING potion of heal wounds.
  8643 | D:9      | Reached skill level 11 in Axes
  8713 | D:9      | 8713 ||| Stepping ~*~*~tactically~*~*~ (stealth).
  8716 | D:9      | 8716 ||| Stepping ~*~*~tactically~*~*~ (stealth).
  8835 | D:9      | 8835 ||| INVOKING Heroism.
  8837 | D:9      | HP: 15/68 [efreet/fireball (31)]
  8838 | D:9      | 8838 ||| READING 2 scrolls of teleportation.
  8840 | D:9      | HP: 4/68 [fire crab] (12)]
  8840 | D:9      | Mangled by a fire crab

Levels and vault maps discovered:
D:1:      dpeg_arrival_concentric_ovals, layout_basic, minmay_domino_4
D:2:      layout_basic, hellmonk_ecumenical_altar_blasted, basic_altar
D:3:      layout_basic, corexii_leaking_fountain
D:4:      layout_loops_cross, serial_shops, nicolae_shop_behind_doors
D:5:      layout_gridville, tgw_xom, minmay_temple_entry_tees,
          minmay_hollow_rounded_squares
D:6:      layout_rooms, item_on_display_a
D:7:      layout_cave_pools, kennysheep_mini, serial_gnoll_camp,
          gnoll_camp_mini_loothouse, grums_kennel, gnoll_camp_mini_shop,
          gnoll_camp_huts_moat, gnoll_camp_mini_doghouse, serial_park_tiny_2
D:8:      wad_woods_tower, layout_basic, nicolae_transporter_circle
D:9:      minmay_shrinking_squares, layout_basic, lemuel_crystal_altar,
          orc_0_dummy, enter_bailey_3, minmay_misc_feat_rows,
          nicolae_water_bricks, uniq_maurice
Temple:   compressed_dpeg_triangle_lava_temple

Skill      XL: |  1  2  3  4  5  6  7  8  9 10 11 |
---------------+----------------------------------+-----
Axes           | 2 3 4 5 6 7 8 10 11 | 11.0
Fighting       | 4 5 6 8 |  8.1
Armour         | 4 5 6 7 |  7.5
Shields        | 7 8 9 |  9.2
Invocations    | 4 6 |  6.9
Dodging        | 1 |  1.0
Throwing       | 1 |  1.3

Action                     |  1- 3 |  4- 6 |  7- 9 | 10-12 || total
---------------------------+-------+-------+-------+-------++-------
  Melee: War axe           |    94 |    14 |       |       ||   108
         Broad axe         |       |   107 |   310 |   315 ||   732
  Throw: Boomerang         |    14 |    40 |   102 |    23 ||   179
 Invoke: Heroism           |       |       |    11 |    12 ||    23
    Use: Scroll            |     9 |    10 |     6 |     4 ||    29
         Potion            |     1 |     2 |     2 |     2 ||     7
   Stab: Distracted        |       |       |       |     1 ||     1
 Armour: Scale mail        |    24 |       |       |       ||    24
         Plate armour      |    30 |    79 |   201 |   181 ||   491
  Dodge: Dodged            |    32 |    53 |   201 |   195 ||   481
  Block: Buckler           |    17 |    28 |     6 |       ||    51
         Kite shield       |       |       |   170 |   202 ||   372

Table legend:
 A = Non-vault XP
 B = Vault XP
 C = Vault XP percentage of total XP
 D = Non-vault monster count
 E = Vault monster count
 F = Vault count percentage of total count
                 A         B        C        D         E       F
            +---------+---------+-------+---------+---------+-------
      Total |    7696 |    7704 |  50.0 |     170 |      73 |  30.0
            +---------+---------+-------+---------+---------+-------
        D:1 |      22 |       5 |  18.5 |      13 |       3 |  18.8
        D:2 |      37 |       0 |   0.0 |      12 |       0 |   0.0
        D:3 |      59 |       0 |   0.0 |      17 |       0 |   0.0
        D:4 |     200 |       0 |   0.0 |      10 |       0 |   0.0
        D:5 |     357 |     480 |  57.3 |      13 |      10 |  43.5
        D:6 |     830 |       0 |   0.0 |      20 |       0 |   0.0
        D:7 |    1267 |    1299 |  50.6 |      22 |      42 |  65.6
        D:8 |    2273 |    2303 |  50.3 |      38 |       6 |  13.6
        D:9 |    2651 |    3617 |  57.7 |      25 |      12 |  32.4
            +---------+---------+-------+---------+---------+-------
